 Dungeon Crawl Stone Soup version 0.21-a0-151-ga4fe563 (webtiles) character file.

4144 KristoblXynda the Carver (level 10, -11/77 HPs)
             Began as a White Draconian Fighter on July 30, 2017.
             Was a Believer of Cheibriados.
             Mangled by a two-headed ogre
             ... wielding a +0 giant spiked club
              (17 damage)
             ... on level 8 of the Dungeon.
             The game lasted 00:17:20 (9079 turns).

KristoblXynda the Carver (White Draconian Fighter)  Turns: 9079, Time: 00:17:20

Health: -11/77     AC:  9    Str: 27    XL:     10   Next: 7%
Magic:  14/14      EV: 12    Int: 16    God:    Cheibriados [**....]
Gold:   501        SH: 13    Dex: 22    Spells: 6/9 levels left

rFire    . . .     SeeInvis .   a - +5 long sword
rCold    + . .     Gourm    .   b - +0 shield
rNeg     . . .     Faith    +   (armour unavailable)
rPois    +         Spirit   .   (helmet restricted)
rElec    .         Reflect  .   (no cloak)
rCorr    .         Harm     .   (no gloves)
MR       .....                  l - +1 pair of boots
Stlth    +++.......             o - amulet of faith
HPRegen  0.22/turn              H - +6 ring of dexterity
MPRegen  0.14/turn              q - ring of poison resistance

@: very slow
A: breathe frost, unfitting armour, cold resistance 1, cold-blooded, AC +7
a: Breathe Frost, Bend Time, Renounce Religion


You were on level 8 of the Dungeon.
You worshipped Cheibriados.
Cheibriados was pleased with you.
You were not hungry.

You visited 2 branches of the dungeon, and saw 9 of its levels.

You collected 501 gold pieces.

Inventory:

Hand Weapons
 a - a +5 long sword (weapon)
 p - the +9 spear of Forced Transition {venom, *Noise rElec MR++ Stlth+}
   (You found it on level 8 of the Dungeon)

   It poisons the flesh of those it strikes.
   It insulates you from electricity.
   It affects your resistance to hostile enchantments.
   It may make noises in combat.
   It makes you more stealthy.
Missiles
 E - 2 throwing nets (quivered)
Armour
 b - a +0 shield (worn)
 l - a +1 pair of boots (worn)
Jewellery
 j - an uncursed ring of magical power
 m - an uncursed ring of see invisible
 o - an amulet of faith (around neck)
 q - a ring of poison resistance (right hand)
 y - an uncursed ring of protection from cold
 F - a +3 ring of protection
 H - a +6 ring of dexterity (left hand)
Wands
 c - a wand of iceblast (5/15)
 G - a wand of flame (33/48)
 M - a wand of digging (6/24)
Scrolls
 e - 4 scrolls of amnesia
 f - 4 scrolls of remove curse
 h - a scroll of fog
 k - a scroll of enchant weapon
 t - 2 scrolls of teleportation
 C - a scroll of recharging
 I - a scroll of fear
Potions
 i - a potion of cancellation
 r - 3 potions of heal wounds
 s - 2 potions of invisibility
 v - 3 potions of agility
 w - 2 potions of flight
 z - a potion of brilliance
 B - a potion of curing
 J - a potion of lignification
 K - a potion of degeneration {unknown}
 L - a potion of ambrosia {unknown}
Books
 g - a book of Cantrips

   Spells                             Type                      Level
   a - Confusing Touch                Hexes                        1
   b - Animate Skeleton               Necromancy                   1
   c - Summon Small Mammal            Summoning                    1
   d - Apportation                    Translocation                1
 x - Awkeisac's Reference Book on Transmigration and Attacks
   (You found it on level 5 of the Dungeon)

   Spells                             Type                      Level
   a - Sticks to Snakes               Transmutation                2
   b - Ignite Poison                  Fire/Transmutation/Poison    3
   c - Bolt of Draining               Conjuration/Necromancy       5
   d - Blade Hands                    Transmutation                5
 A - a book of Battle

   Spells                             Type                      Level
   a - Infusion                       Charms                       1
   b - Shroud of Golubria             Charms/Translocation         2
   c - Song of Slaying                Charms                       2
   d - Spectral Weapon                Hexes/Charms                 3
   e - Regeneration                   Charms/Necromancy            3
 D - a book of Conjurations

   Spells                             Type                      Level
   a - Magic Dart                     Conjuration                  1
   b - Searing Ray                    Conjuration                  2
   c - Dazzling Spray                 Conjuration/Hexes            3
   d - Fulminant Prism                Conjuration/Hexes            4
   e - Force Lance                    Conjuration/Translocation    4
   f - Iskenderun's Mystic Blast      Conjuration                  4
Comestibles
 d - 7 bread rations
 n - 3 meat rations
 u - 28 fruits


   Skills:
 - Level 3.2 Fighting
 + Level 9.7 Long Blades
 - Level 2.6 Dodging
 + Level 4.9 Stealth
 + Level 8.2 Shields
 + Level 1.2 Invocations
 - Level 6.0 Evocations


You had 6 spell levels left.
You knew the following spells:

 Your Spells              Type           Power        Failure   Level  Hunger
a - Regeneration          Chrm/Necr      #.........   87%         3    ####...


Dungeon Overview and Level Annotations

Branches:
Dungeon (8/15)             Temple (1/1) D:6
   Lair: D:8-11

Altars:
Ashenzari
Cheibriados
Dithmenos
Elyvilon
Fedhas
Gozag
Kikubaaqudgha
Nemelex Xobeh
Okawaru
Qazlal
Ru
Trog
Uskayaw
Vehumet
Wu Jian
Xom
Yredelemnul
Zin
The Shining One
Lugonu


Innate Abilities, Weirdness & Mutations

You can breathe waves of freezing cold.
You can buffet flying creatures when you breathe cold.
Your icy white scales are hard. (AC +7)
You cannot fit into any form of body armour.
Your flesh is cold resistant. (rC+)
You are cold-blooded and may be slowed by cold attacks.


Message History

The two-headed ogre is moderately wounded.
You block the two-headed ogre's attack.
The two-headed ogre hits you with a giant club.
You hit the two-headed ogre.
The two-headed ogre is heavily wounded.
You slash the two-headed ogre! You tail-slap the two-headed ogre.
The two-headed ogre is severely wounded.
The two-headed ogre barely misses you. You block the two-headed ogre's attack.
You hit the two-headed ogre.
Your tail-slap misses the two-headed ogre.
The two-headed ogre is almost dead.
The two-headed ogre hits you with a giant spiked club!!
* * * LOW HITPOINT WARNING * * *
The two-headed ogre closely misses you.
You hit the two-headed ogre.
You tail-slap the two-headed ogre, but do no damage.
The two-headed ogre is almost dead.
You block the two-headed ogre's attack.
The two-headed ogre hits you with a giant club!
You die...

#......)...........#
##.................##
#..................#
#..................#
#.................##
#.................#
#..................#
#................#...
#......@.........##..
##....O........###...
###......###### #.. #
######## #.. # ##.# ## ###
#####.## .##
##.#######......##
..#########................##
..##............######......#


You could see a two-headed ogre.

Vanquished Creatures
  The ghost of p0werm0de the Sneak, an amateur NaEE (D:4)
  A hippogriff (D:7)
  A wyvern (D:8)
  3 wraiths (D:7)
  2 water moccasins
  An orc warrior (D:7)
  3 ice beasts
  A black bear (D:6)
  4 ogres
  The ghost of p0werm0de the Sneak, an amateur NaEE of Cheibriados (D:3)
  2 centaurs
  2 big kobolds (D:8)
  An elf zombie (D:7)
  A gnoll sergeant (D:7)
  4 bullfrogs
  A troll zombie (D:7)
  A scorpion (D:8)
  7 killer bees (D:8)
  2 crimson imps
  2 centaur zombies
  A bullfrog zombie (D:7)
  A bullfrog skeleton (D:6)
  4 human zombies (D:7)
  2 orc priests
  2 hounds
  2 orc wizards (D:4)
  Jessica (D:2)
  2 iguanas
  3 worker ants
  3 mummies (D:7)
  A howler monkey skeleton (D:6)
  Robin (D:2)
  5 gnolls (D:7)
  9 adders
  2 shadow imps
  2 oozes
  An adder zombie (D:8)
  An adder skeleton (D:4)
  3 worms
  2 dart slugs
  2 leopard geckos
  11 orcs
  2 ball pythons
  6 bats
  A giant cockroach (D:5)
  12 goblins
  8 hobgoblins
  4 jackals (D:1)
  9 kobolds
  3 quokkas
  4 frilled lizards
  2 jackal skeletons
  A leopard gecko skeleton (D:4)
  2 quokka skeletons (D:6)
  15 rats
171 creatures vanquished.

Vanquished Creatures (collateral kills)
  A bullfrog (D:7)
1 creature vanquished.

Grand Total: 172 creatures vanquished

Notes
Turn   | Place    | Note
-------+----------+-------------------------------------------
     0 | D:1      | KristoblXynda the Draconian Fighter began the quest for the Orb.
     0 | D:1      | Reached XP level 1. HP: 19/19 MP: 1/1
   128 | D:1      | Reached XP level 2. HP: 16/26 MP: 2/2
   421 | D:1      | Reached skill level 3 in Long Blades
   554 | D:2      | Found a bloodstained altar of Trog.
   603 | D:2      | Reached XP level 3. HP: 29/31 MP: 3/3
   800 | D:2      | Noticed Robin
   850 | D:2      | Killed Robin
   850 | D:2      | Reached XP level 4. HP: 16/38 MP: 4/4
  1109 | D:2      | Reached skill level 4 in Long Blades
  1657 | D:2      | Noticed Jessica
  1670 | D:2      | Killed Jessica
  1977 | D:3      | Reached XP level 5. HP: 31/45 MP: 5/5
  2195 | D:3      | Found an ancient bone altar of Kikubaaqudgha.
  2220 | D:3      | Noticed p0werm0de's ghost (amateur NaEE)
  2240 | D:3      | Killed p0werm0de's ghost
  2240 | D:3      | Reached skill level 5 in Long Blades
  2524 | D:3      | Found a blossoming altar of Fedhas.
  2640 | D:3      | Found a glowing golden altar of the Shining One.
  2823 | D:4      | Noticed a water moccasin
  2823 | D:4      | Noticed p0werm0de's ghost (amateur NaEE)
  2843 | D:4      | Killed a water moccasin
  2843 | D:4      | Reached XP level 6. HP: 45/51 MP: 6/6
  2870 | D:4      | Killed p0werm0de's ghost
  2870 | D:4      | Reached skill level 6 in Long Blades
  2870 | D:4      | Reached skill level 5 in Shields
  2870 | D:4      | Your scales start taking on an icy white colour.
  2870 | D:4      | Reached XP level 7. HP: 31/57 MP: 7/7
  2870 | D:4      | Gained mutation: Your flesh is cold resistant. (rC+) [White Draconian growth]
  3596 | D:4      | Found an opulent altar of Gozag.
  3864 | D:5      | Entered Level 5 of the Dungeon
  4267 | D:5      | Reached skill level 7 in Long Blades
  4267 | D:5      | Reached skill level 1 in Evocations
  4451 | D:5      | Identified Awkeisac's Reference Book on Transmigration and Attacks
  4511 | D:5      | Found a shattered altar of Ashenzari.
  4764 | D:5      | Found a bloodstained altar of Trog.
  4852 | D:6      | Found a staircase to the Ecumenical Temple.
  4905 | Temple   | Entered the Ecumenical Temple
  4939 | Temple   | Became a worshipper of Cheibriados the Contemplative
  5224 | D:6      | Found a white marble altar of Elyvilon.
  5295 | D:6      | Reached XP level 8. HP: 63/63 MP: 9/9
  5348 | D:6      | Found a stormy altar of Qazlal.
  5526 | D:6      | Found a sparkling altar of Nemelex Xobeh.
  5535 | D:6      | Reached skill level 8 in Long Blades
  5801 | D:7      | Reached * piety under Cheibriados
  6064 | D:7      | Reached skill level 1 in Stealth
  6198 | D:7      | Found a basalt altar of Yredelemnul.
  6222 | D:7      | Reached XP level 9. HP: 50/70 MP: 12/12
  6635 | D:7      | Reached skill level 9 in Long Blades
  6784 | D:7      | Reached ** piety under Cheibriados
  6987 | D:7      | Found a glowing silver altar of Zin.
  7222 | D:7      | Found a hide-covered altar of Uskayaw.
  7295 | D:7      | Reached skill level 5 in Evocations
  8164 | D:8      | Was placed under penance by Cheibriados
  8435 | D:8      | Was forgiven by Cheibriados
  8700 | D:8      | Got a faintly glowing spear
  8701 | D:8      | Identified the +9 spear of Forced Transition {venom, *Noise rElec MR++ Stlth+} (You found it on level 8 of the Dungeon)
  8750 | D:8      | Reached XP level 10. HP: 77/77 MP: 14/14
  8858 | D:8      | Learned a level 3 spell: Regeneration
  8985 | D:8      | Reached skill level 1 in Invocations
  9064 | D:8      | Noticed a two-headed ogre
  9079 | D:8      | Mangled by a two-headed ogre

Vault maps used:
D:1:      minmay_arrival_plants_in_alcoves
D:2:      kb_forest_paths, trog_three_pillars_becter, uniq_jessica, uniq_robin
D:3:      overflow_temple_1_default, lemuel_round_altar,
          lemuel_coloured_pillars_altar, serial_bayou_pond_c
D:4:      first_bread, grunt_gozag_breadcrumbs
D:5:      kennysheep_mini_moat, trog_book
D:6:      overflow_temple_1_default, lemuel_round_altar,
          minmay_temple_entry_hall, nemelex_dance_club_becter
D:7:      zin_statuary, lemuel_mausoleum_altar_yredelemnul, marbit_many_paths
D:8:      blue_anna_alchemist, eino_jars
Temple:   corrupted_temple

Skill      XL: |  1  2  3  4  5  6  7  8  9 10 |
---------------+-------------------------------+-----
Long Blades    | 3 4 5 6 7 8 9 |  9.7
Shields        | 4 5 7 8 |  8.2
Evocations     | 2 4 6 |  6.0
Stealth        | 2 4 |  4.9
Invocations    | 1 |  1.2
Fighting       | |  3.2
Dodging        | |  2.6

Action                   |  1- 3 |  4- 6 |  7- 9 | 10-12 || total
-------------------------+-------+-------+-------+-------++-------
Melee: Long sword        |    94 |   147 |   357 |    30 ||   628
       Tailslap          |     7 |    15 |    77 |     7 ||   106
 Abil: Breathe Frost     |       |       |     7 |       ||     7
  Use: Scroll            |     6 |     3 |    18 |     1 ||    28
       Potion            |     2 |     1 |     2 |       ||     5
 Stab: Sleeping          |     1 |       |     6 |     3 ||    10
  Eat: Chunk             |       |     2 |     5 |       ||     7
       Meat ration       |       |     1 |     1 |       ||     2
       Royal jelly       |       |       |     3 |       ||     3
Armor: Skin              |    36 |    37 |    89 |     6 ||   168
Dodge: Dodged            |    47 |    57 |   135 |    12 ||   251
Block: Shield            |    52 |    60 |   206 |    21 ||   339
       Rpst.: Long sword |    15 |    16 |    47 |     6 ||    84
